 Dungeon Crawl Stone Soup version 0.31.0-9-g3a7656b989 (webtiles) character file.

Game seed: 17540248205005948126

2401 qw the Skirmisher (level 9, 0/70 (74) HPs)
             Began as a Demigod Hunter on Feb 2, 2024.
             Killed by divine providence
             ... invoked by an orc priest
              (15 damage)
             ... on level 7 of the Dungeon.
             The game lasted 00:00:38 (4662 turns).

qw the Skirmisher (Demigod Hunter)                  Turns: 4662, Time: 00:00:39

HP:   0/70 (74)     AC: 11    Str: 12    XL:     9   Next: 3%
MP:   11/11         EV: 14    Int: 11    God:
Gold: 51            SH:  5    Dex: 31    Spells: 8/8 levels left

rFire   . . .        k - +0 orcbow
rCold   . . .        (shield currently unavailable)
rNeg    . . .        j - +0 ring mail
rPois   +            h - +2 helmet
rElec   .            g - +0 cloak of Twilight {rPois Dex+2}
rCorr   .            (no gloves)
SInv    .            d - +1 pair of boots
Will    .....        b - amulet of reflection
Stlth   ++           (no ring)
HPRegen 0.31/turn    (no ring)
MPRegen 0.12/turn

%: reflection
@: drained
A: high MP 1, forlorn, divine attributes
a: no special abilities


You were on level 7 of the Dungeon.
You visited 1 branch of the dungeon, and saw 7 of its levels.

You collected 299 gold pieces.
You spent 248 gold pieces at shops.


Innate Abilities, Weirdness & Mutations

You have an increased reservoir of magic. (+10% MP)
You shall have no god before yourself.
Your divine heritage dramatically boosts your attributes as you level up.


   Skills:
 - Level 5.0 Fighting
 - Level 10.1 Ranged Weapons
 - Level 2.1 Armour
 + Level 4.1 Dodging
 - Level 0.8 Stealth


You had 8 spell levels left.
You didn't know any spells.
Your spell library was empty.

Inventory:

Hand Weapons
 k - a +0 orcbow (weapon)
Armour
 a - +0 swamp dragon scales
 d - a +1 pair of boots (worn)
 g - the +0 cloak of Twilight (worn) {rPois Dex+2}
   (You found it on level 4 of the Dungeon)

   Dex+2:     It affects your dexterity (+2).
   rPois:     It protects you from poison
 h - a +2 helmet (worn)
 j - a +0 ring mail (worn)
Jewellery
 b - an amulet of reflection (around neck)
Wands
 c - a wand of iceblast (7)
Scrolls
 i - 2 scrolls of teleportation
Potions
 e - a potion of resistance
 f - 4 potions of curing
 l - 3 potions of heal wounds
 m - a potion of ambrosia {unknown}
 o - a potion of mutation

Dungeon Overview and Level Annotations

Branches:
Dungeon (7/15)             Temple (0/1) D:5

Shops:
D:6 :[?*:

Annotations:
D:3 exclusion: 3 rats
D:7 Jeremiah


Message History

The orc priest calls upon Beogh to heal the orc priest.
The orc priest is healed somewhat.
You shoot an arrow. The arrow barely misses the orc priest.
You block the orc priest's attack. The orc priest closely misses you.
You shoot an arrow.
The arrow hits the orc priest but does no damage.
The orc priest is moderately wounded.
Jeremiah hits you from afar with a +2 trident of draining.
You feel drained. The orc priest barely misses you.
The orc priest hits you but does no damage.
You shoot an arrow.
The arrow closely misses the orc priest.
Jeremiah hits you but does no damage.
You feel drained.
The orc priest calls upon Beogh to heal the orc priest.
The orc priest's wounds heal themselves!
The orc priest hits you but does no damage.
You shoot an arrow.
The arrow hits the orc priest but does no damage.
Jeremiah misses you.
The orc priest hits you with a +0 dagger.
You block the orc priest's attack.
You shoot an arrow.
The arrow closely misses the orc priest.
Jeremiah hits you from afar with a +2 trident of draining.
You feel drained. The orc priest closely misses you.
You block the orc priest's attack.
You shoot an arrow. The arrow barely misses the orc priest.
The arrow hits the butterfly.
You kill the butterfly!
The butterfly disappears in a burst of colours!
Jeremiah closely misses you. The orc priest completely misses you.
The orc priest calls down the wrath of Beogh upon you.
Beogh smites you!
You shoot an arrow. The arrow hits the orc priest!
The orc priest is heavily wounded.
Jeremiah hits you from afar with a +2 trident of draining.
You feel drained. The orc priest hits you with a +0 whip.
The orc priest calls down the wrath of Beogh upon you.
Beogh smites you!
You die...

#....#................
#..................#..
###................#..
##########..................
#.......##..................
#........................#..
#.......##..................
#.......##...............##.
#........##@o....!......## .
#.........##ob.b........# #
#########...Fb...b......#
#...b.........###
#o#.##b...b)..#
#########...#......#########
#........o....#....###.....#
#...........###.)..##..._...
#..........## #.)..#..}...}.


You could see Jeremiah and 2 orc priests.

Vanquished Creatures
  A two-headed ogre (D:7)
  A hornet (D:7)
  A black bear (D:4)
  A sky beast (D:6)
  An ice beast (D:5)
  2 centaurs (D:7)
  2 ogres
  A phantom (D:4)
  A bullfrog (D:7)
  A gnoll sergeant (D:6)
  2 scorpions
  4 killer bees (D:7)
  3 bombardier beetles
  A jelly (D:5)
  An orc priest (D:7)
  A hound (D:6)
  Natasha (twice) (D:2)
  2 iguanas
  Robin (D:2)
  12 gnolls
  An adder (D:5)
  A white imp (D:5)
  4 dart slugs
  A ribbon worm (D:3)
  9 orcs
  5 ball pythons
  7 bats
  10 endoplasms
  6 giant cockroaches
  9 goblins
  12 hobgoblins
  4 jackals (D:1)
  4 quokkas
  4 frilled lizards
  9 kobolds
  3 rats
130 creatures vanquished.

Notes
Turn   | Place    | Note
-------+----------+-------------------------------------------
     0 | D:1      | qw the Demigod Hunter began the quest for the Orb.
     0 | D:1      | Reached XP level 1. HP: 17/17 MP: 3/3
     0 | D:1      | 0 ||| qw: Version: 0.3-a-155-g5e7d8dd
     0 | D:1      | 0 ||| qw: Game counter: 194
     0 | D:1      | 0 ||| qw: Melee chars always use a shield: true
     0 | D:1      | 0 ||| qw: God list: Okawaru
     0 | D:1      | 0 ||| qw: Allow faded altars: false
     0 | D:1      | 0 ||| qw: Do Orc after clearing Dungeon:15 true
     0 | D:1      | 0 ||| qw: Do second Lair branch before Depths: true
     0 | D:1      | 0 ||| qw: Lair rune preference: random
     0 | D:1      | 0 ||| qw: Goals: Normal
     0 | D:1      | 0 ||| PLANNING D:1-11
    79 | D:1      | Reached skill level 4 in Ranged Weapons
   115 | D:1      | Reached XP level 2. HP: 24/24 MP: 4/4
   483 | D:1      | Reached XP level 3. HP: 29/29 MP: 5/5
   740 | D:1      | 740 ||| READING scroll labelled NOSSECAWNE.
   740 | D:1      | 740 ||| IDENTIFYING 2 orange potions
   741 | D:1      | 741 ||| DROPPING scroll of butterflies.
   992 | D:2      | 992 ||| RETREEEEATING.
   999 | D:2      | 999 ||| FLEEEEING.
  1000 | D:2      | 1000 ||| FLEEEEING.
  1001 | D:2      | 1001 ||| FLEEEEING.
  1002 | D:2      | 1002 ||| FLEEEEING.
  1003 | D:2      | 1003 ||| FLEEEEING.
  1005 | D:2      | 1005 ||| FLEEEEING.
  1007 | D:2      | 1007 ||| STAIRDANCE
  1026 | D:1      | 1026 ||| UPGRADING to amulet of reflection.
  1031 | D:1      | 1031 ||| DRINKING 2 fuming green potions.
  1036 | D:2      | Reached skill level 5 in Ranged Weapons
  1036 | D:2      | Reached XP level 4. HP: 21/36 MP: 6/6
  1038 | D:2      | 1038 ||| STAIRDANCE
  1127 | D:2      | 1127 ||| STAIRDANCE
  1278 | D:2      | Noticed Natasha
  1284 | D:2      | 1284 ||| RETREEEEATING.
  1285 | D:2      | 1285 ||| RETREEEEATING.
  1286 | D:2      | 1286 ||| RETREEEEATING.
  1287 | D:2      | 1287 ||| RETREEEEATING.
  1288 | D:2      | 1288 ||| RETREEEEATING.
  1289 | D:2      | 1289 ||| RETREEEEATING.
  1290 | D:2      | 1290 ||| RETREEEEATING.
  1300 | D:2      | 1300 ||| FLEEEEING.
  1307 | D:2      | Killed Natasha
  1488 | D:2      | Noticed Robin
  1495 | D:2      | Killed Robin
  1553 | D:2      | 1553 ||| UPGRADING to +0 helmet.
  1558 | D:2      | 1558 ||| READING scroll labelled VEODASUMUWI.
  1561 | D:2      | 1561 ||| READING scroll labelled CAYCUO OMIRIDGH.
  1563 | D:2      | 1563 ||| Stepping ~*~*~tactically~*~*~ (cloud).
  1582 | D:2      | Noticed Natasha
  1588 | D:2      | HP: 7/36 [cerulean imp/+2 spear[Natasha] (6)]
  1589 | D:2      | 1589 ||| DRINKING 3 potions of heal wounds.
  1595 | D:2      | 1595 ||| RETREEEEATING.
  1596 | D:2      | 1596 ||| RETREEEEATING.
  1597 | D:2      | 1597 ||| RETREEEEATING.
  1598 | D:2      | 1598 ||| RETREEEEATING.
  1599 | D:2      | 1599 ||| RETREEEEATING.
  1600 | D:2      | 1600 ||| RETREEEEATING.
  1610 | D:2      | HP: 4/36 [cerulean imp/+2 spear[Natasha] (7)]
  1611 | D:2      | 1611 ||| DRINKING 2 potions of heal wounds.
  1618 | D:2      | HP: 5/36 [cerulean imp/+2 spear[Natasha] (6)]
  1619 | D:2      | 1619 ||| DRINKING potion of heal wounds.
  1626 | D:2      | Killed Natasha
  1627 | D:2      | Reached XP level 5. HP: 24/41 MP: 7/7
  1760 | D:3      | Reached skill level 6 in Ranged Weapons
  2073 | D:3      | 2073 ||| READING 2 scrolls labelled JIPPOI CAAR.
  2073 | D:3      | 2073 ||| ENCHANTING +0 shortbow.
  2074 | D:3      | 2074 ||| READING scroll of enchant weapon.
  2074 | D:3      | 2074 ||| ENCHANTING +1 shortbow.
  2075 | D:3      | 2075 ||| READING scroll labelled GEDOR LIHI.
  2075 | D:3      | 2075 ||| ENCHANTING +0 helmet.
  2076 | D:3      | 2076 ||| READING scroll labelled NIORUY PEFRAA.
  2077 | D:3      | 2077 ||| DRINKING 2 purple potions.
  2116 | D:3      | 2116 ||| DROPPING potion of lignification.
  2165 | D:4      | Reached skill level 3 in Fighting
  2179 | D:4      | 2179 ||| READING scroll of enchant armour.
  2179 | D:4      | 2179 ||| ENCHANTING +1 helmet.
  2286 | D:4      | Identified the +0 cloak of Twilight {rPois Dex+2}
  2349 | D:4      | Noticed an ogre
  2350 | D:4      | 2350 ||| ZAPPING wand of mindburst (13) at 1,3 (ogre;
                  | floor).
  2351 | D:4      | 2351 ||| ZAPPING wand of mindburst (12) at 1,2 (ogre;
                  | floor).
  2352 | D:4      | 2352 ||| ZAPPING wand of mindburst (11) at 1,1 (ogre;
                  | floor).
  2352 | D:4      | Killed an ogre
  2353 | D:4      | Reached skill level 3 in Dodging
  2353 | D:4      | Reached XP level 6. HP: 51/51 MP: 8/8
  2599 | D:4      | 2599 ||| ZAPPING wand of mindburst (10) at 1,-1 (black
                  | bear; floor).
  2600 | D:4      | 2600 ||| ZAPPING wand of mindburst (9) at 1,-1 (black bear;
                  | floor).
  2601 | D:4      | 2601 ||| ZAPPING wand of mindburst (8) at 1,-1 (black bear;
                  | floor).
  2602 | D:4      | 2602 ||| ZAPPING wand of mindburst (7) at 1,-1 (black bear;
                  | floor).
  2821 | D:4      | 2821 ||| UPGRADING to +0 cloak of Twilight {rPois Dex+2}.
  2826 | D:4      | 2826 ||| READING 2 scrolls of identify.
  2826 | D:4      | 2826 ||| IDENTIFYING lumpy black potion
  2827 | D:4      | 2827 ||| READING scroll of identify.
  2827 | D:4      | 2827 ||| IDENTIFYING 3 silvery potions
  2828 | D:4      | 2828 ||| READING scroll labelled JIMYM WAOLUX.
  2829 | D:4      | 2829 ||| READING scroll labelled RALANL JACOA.
  2830 | D:4      | 2830 ||| DROPPING potion of brilliance.
  2871 | D:5      | Entered Level 5 of the Dungeon
  2904 | D:5      | Reached skill level 1 in Armour
  2918 | D:5      | 2918 ||| ZAPPING wand of mindburst (6) at 0,-7 (ice beast;
                  | floor).
  2919 | D:5      | 2919 ||| ZAPPING wand of mindburst (5) at 0,-6 (ice beast;
                  | floor).
  2920 | D:5      | 2920 ||| ZAPPING wand of mindburst (4) at 0,-5 (ice beast;
                  | floor).
  2921 | D:5      | 2921 ||| ZAPPING wand of mindburst (3) at 0,-4 (ice beast;
                  | floor).
  2922 | D:5      | 2922 ||| ZAPPING wand of mindburst (2) at 0,-3 (ice beast;
                  | floor).
  2923 | D:5      | 2923 ||| ZAPPING wand of mindburst (1) at 0,-2 (ice beast;
                  | floor).
  2924 | D:5      | Reached skill level 7 in Ranged Weapons
  2924 | D:5      | Reached XP level 7. HP: 57/57 MP: 9/9
  2975 | D:5      | Found a staircase to the Ecumenical Temple.
  3479 | D:5      | 3479 ||| UPGRADING to +0 pair of boots.
  3484 | D:5      | 3484 ||| UPGRADING to +0 ring mail.
  3494 | D:5      | 3494 ||| DROPPING +0 leather armour.
  3641 | D:6      | Found Ryitargh's Magic Scroll Emporium.
  3695 | D:6      | 3695 ||| BUYING scroll of enchant armour (97 gold).
  3695 | D:6      | Bought a scroll of enchant armour for 97 gold pieces
  3695 | D:6      | 3695 ||| BUYING scroll of teleportation (39 gold).
  3695 | D:6      | Bought a scroll of teleportation for 39 gold pieces
  3695 | D:6      | 3695 ||| READING scroll of enchant armour.
  3695 | D:6      | 3695 ||| ENCHANTING +0 pair of boots.
  3719 | D:6      | Found Uvirigar's Book Boutique.
  3721 | D:6      | Found Bopholio's Antique Armour Boutique.
  3756 | D:6      | Reached skill level 8 in Ranged Weapons
  3998 | D:6      | Found Yxudwemiz's Book Boutique.
  4009 | D:6      | Found Xodasor's General Store.
  4012 | D:6      | 4012 ||| SHOPLISTING +0 triple crossbow (140 gold, have
                  | 125).
  4012 | D:6      | 4012 ||| BUYING potion of mutation (112 gold).
  4012 | D:6      | Bought a potion of mutation for 112 gold pieces
  4012 | D:6      | 4012 ||| SHOPLISTING scroll of identify (28 gold, have 13).
  4012 | D:6      | 4012 ||| SHOPLISTING wand of flame (11) (107 gold, have
                  | 13).
  4012 | D:6      | 4012 ||| READING scroll of identify.
  4012 | D:6      | 4012 ||| IDENTIFYING red potion
  4013 | D:6      | 4013 ||| READING scroll labelled VOLIVA CYR.
  4014 | D:6      | 4014 ||| DROPPING potion of berserk rage.
  4069 | D:7      | Reached XP level 8. HP: 65/66 MP: 10/10
  4270 | D:7      | 4270 ||| READING scroll of enchant weapon.
  4270 | D:7      | 4270 ||| ENCHANTING +2 shortbow.
  4337 | D:7      | Noticed a two-headed ogre
  4340 | D:7      | 4340 ||| ZAPPING wand of iceblast (13) at -2,-4 (two-headed
                  | ogre; floor).
  4341 | D:7      | 4341 ||| ZAPPING wand of iceblast (12) at -1,-3 (two-headed
                  | ogre; floor).
  4342 | D:7      | 4342 ||| ZAPPING wand of iceblast (11) at 0,-2 (two-headed
                  | ogre; floor).
  4347 | D:7      | Killed a two-headed ogre
  4348 | D:7      | Reached skill level 10 in Ranged Weapons
  4528 | D:7      | 4528 ||| SWAPPING to +0 orcbow.
  4529 | D:7      | 4529 ||| DROPPING +3 shortbow.
  4587 | D:7      | Noticed a hornet
  4589 | D:7      | 4589 ||| ZAPPING wand of iceblast (10) at -5,0 (hornet;
                  | floor).
  4590 | D:7      | 4590 ||| ZAPPING wand of iceblast (9) at -4,0 (hornet;
                  | floor).
  4591 | D:7      | 4591 ||| ZAPPING wand of iceblast (8) at -2,0 (hornet;
                  | floor).
  4591 | D:7      | Killed a hornet
  4592 | D:7      | Reached XP level 9. HP: 74/74 MP: 11/11
  4620 | D:7      | Noticed Jeremiah
  4627 | D:7      | 4627 ||| FLEEEEING.
  4628 | D:7      | 4628 ||| FLEEEEING.
  4629 | D:7      | 4629 ||| FLEEEEING.
  4630 | D:7      | 4630 ||| FLEEEEING.
  4631 | D:7      | 4631 ||| FLEEEEING.
  4632 | D:7      | 4632 ||| FLEEEEING.
  4633 | D:7      | 4633 ||| FLEEEEING.
  4634 | D:7      | 4634 ||| FLEEEEING.
  4635 | D:7      | 4635 ||| FLEEEEING.
  4636 | D:7      | 4636 ||| FLEEEEING.
  4637 | D:7      | 4637 ||| FLEEEEING.
  4638 | D:7      | 4638 ||| FLEEEEING.
  4639 | D:7      | 4639 ||| FLEEEEING.
  4640 | D:7      | 4640 ||| FLEEEEING.
  4641 | D:7      | 4641 ||| FLEEEEING.
  4642 | D:7      | 4642 ||| FLEEEEING.
  4643 | D:7      | 4643 ||| FLEEEEING.
  4662 | D:7      | HP: 17/71 [Jeremiah/+2 trident of draining (4)]
  4662 | D:7      | Killed from afar by an orc priest

Levels and vault maps discovered:
D:1:      evilmike_arrival_plus, layout_basic
D:2:      layout_rooms, uniq_natasha, uniq_robin
D:3:      layout_rooms, shapermc_ecumenical_altar_mp_highgroup,
          small_statue_alley_b
D:4:      layout_loops_ring
D:5:      layout_basic, minmay_temple_entry_offerings
D:6:      layout_cave_pools, serial_shops, shop, nicolae_stop_n_shop_1,
          kennysheep_mini_moat, nicolae_shop_tiny_waterfront,
          nicolae_take_the_stairs
D:7:      layout_rooms, nicolae_overflow_hallway_of_the_gods, serial_shops,
          nicolae_shop_tiny_glass, sigmund_army, uniq_jeremiah

Skill      XL: |  1  2  3  4  5  6  7  8 |
---------------+-------------------------+-----
Ranged Weapons | 4 5 6 7 8 10 | 10.1
Fighting       | 2 3 5 |  5.0
Dodging        | 2 3 4 |  4.1
Armour         | 1 2 |  2.1
Stealth        | |  0.8

Action                     |  1- 3 |  4- 6 |  7- 9 || total
---------------------------+-------+-------+-------++-------
   Fire: Shortbow          |   129 |   178 |   143 ||   450
         Orcbow            |       |       |    25 ||    25
  Evoke: Wand              |       |    13 |     6 ||    19
    Use: Potion            |     1 |     4 |       ||     5
         Scroll            |     1 |    11 |     4 ||    16
 Armour: Leather armour    |    27 |    82 |     1 ||   110
         Ring mail         |       |       |    80 ||    80
  Dodge: Dodged            |    25 |    68 |    64 ||   157
  Block: Other             |     1 |    28 |    26 ||    55
         Reflection        |       |       |     3 ||     3

Table legend:
 A = Non-vault XP
 B = Vault XP
 C = Vault XP percentage of total XP
 D = Non-vault monster count
 E = Vault monster count
 F = Vault count percentage of total count
                 A         B        C        D         E       F
            +---------+---------+-------+---------+---------+-------
      Total |    3367 |      64 |   1.9 |     122 |       8 |   6.2
            +---------+---------+-------+---------+---------+-------
        D:1 |      99 |       0 |   0.0 |      34 |       0 |   0.0
        D:2 |      93 |      64 |  40.8 |      22 |       8 |  26.7
        D:3 |      34 |       0 |   0.0 |      16 |       0 |   0.0
        D:4 |     451 |       0 |   0.0 |      12 |       0 |   0.0
        D:5 |     524 |       0 |   0.0 |       9 |       0 |   0.0
        D:6 |     387 |       0 |   0.0 |       9 |       0 |   0.0
        D:7 |    1779 |       0 |   0.0 |      20 |       0 |   0.0
            +---------+---------+-------+---------+---------+-------
